 Dungeon Crawl Stone Soup version 0.19.1-1-g22dce08 (webtiles) character file.

959 ponk the Covert (level 8, 0/50 HPs)
             Began as an Octopode Assassin on Jan 11, 2017.
             Slain by a slave (1 damage)
             ... led by Pikel
             ... on level 7 of the Dungeon.
             The game lasted 00:25:13 (7197 turns).

ponk the Covert (Octopode Assassin)                 Turns: 7197, Time: 00:25:14

Health: 0/50       AC:  1    Str: 10    XL:     8   Next: 14%
Magic:  17/17      EV: 13    Int: 13    God:
Gold:   224        SH:  0    Dex: 16    Spells: 0 memorised, 7 levels left

rFire  . . .     SeeInvis .     i - +2 dagger (venom)
rCold  . . .     Gourm    .     (no shield)
rNeg   . . .     Faith    .     (helmet restricted)
rPois  .         Spirit   .     h - amulet of rage
rElec  .         Reflect  .     r - ring of magical power
rCorr  .         Harm     .     (no ring)
MR     .....                    (no ring)
Stlth  ++++++....               (no ring)
                                (no ring)
                                (no ring)
                                (no ring)
                                (no ring)

@: no status effects
A: almost no armour, stealthy swim, amphibious, 8 rings, constrict 8, camouflage
1, gelatinous body 1
a: Evoke Berserk Rage


You were on level 7 of the Dungeon.
You were not hungry.

You visited 1 branch of the dungeon, and saw 6 of its levels.

You collected 224 gold pieces.

Inventory:

Hand Weapons
 a - a +2 dagger
 b - a +0 blowgun
 i - a +2 dagger of venom (weapon)
Missiles
 c - 33 poisoned needles
 d - 2 curare-tipped needles
Magical Staves
 f - an uncursed staff of energy
Jewellery
 h - an amulet of rage (around mantle)
 r - a ring of magical power (left tentacle)
Wands
 o - a wand of iceblast (4/15)
 w - a wand of polymorph (17/24)
Scrolls
 j - a scroll of remove curse
 q - a scroll of recharging
 s - a scroll of enchant weapon
Potions
 e - a potion of flight
 g - 4 potions of curing
 l - 3 potions of might
 t - 2 potions of ambrosia {unknown}
 v - a potion of resistance {unknown}
Comestibles
 m - a slice of pizza
 n - a beef jerky
 p - a meat ration
 u - 4 bread rations


   Skills:
 - Level 2.0 Fighting
 - Level 2.0 Short Blades
 - Level 2.0 Throwing
 - Level 1.0 Dodging
 + Level 13.3 Stealth
 - Level 1.0 Evocations


You had 7 spell levels left.
You didn't know any spells.

Dungeon Overview and Level Annotations

Branches:
Dungeon (5/15)
 Temple: D:4-7

Altars:
Ashenzari
Makhleb
Ru
Xom

Shops:
D:7 !

Annotations:
D:7 Pikel


Innate Abilities, Weirdness & Mutations

You cannot wear most types of armour.
You are very stealthy in the water. (Stealth+)
You are amphibious.
You can wear up to eight rings at the same time.
You can use your tentacles to constrict eight enemies at once.
Your skin changes colour to match your surroundings (Stealth+).
Your rubbery body absorbs attacks. (AC +1, EV +1)


Message History

The slave hits you.
* * * LOW HITPOINT WARNING * * *
You feel much better.
You constrict Pikel. Pikel hits you with a whip of freezing! Pikel freezes you.
The slave hits you!
* * * LOW HITPOINT WARNING * * *
You completely miss Pikel. You squeeze Pikel.
Pikel is heavily wounded.
You constrict Pikel, but do no damage. Pikel hits you with a whip of freezing.
* * * LOW HITPOINT WARNING * * *
Pikel freezes you.
* * * LOW HITPOINT WARNING * * *
The slave barely misses you.
You feel better.
You constrict Pikel. Pikel hits you with a whip of freezing.
* * * LOW HITPOINT WARNING * * *
Pikel freezes you.
* * * LOW HITPOINT WARNING * * *
The slave hits you.
* * * LOW HITPOINT WARNING * * *
You release your grip on Pikel.
The slave hits you.
You die...

.....####.....##.p...####
.^....####.....##.....#
......#.......p####.###
.... #....###p####.# ...
#....##.......##
....######...........#
.........#+#...##.......
#....p5∩'...##.......
##...@K#'#...##.......
........p.p†...##.......
........p.#.............
..........#.........#.##
....................
............#.......
............#.......
.....#......#.......
...#.........$...


You could see Pikel, 4 slaves and a crimson imp.

Vanquished Creatures
  A water moccasin (D:5)
  A sky beast (D:5)
  A phantom (D:4)
  2 ogres
  2 crimson imps
  A howler monkey (D:4)
  3 hounds
  An orc priest (D:5)
  Ijyb (D:2)
  Natasha (twice) (D:2)
  An iguana (D:5)
  A worker ant (D:5)
  4 adders
  A shadow imp (D:5)
  An ooze (D:3)
  An adder zombie (D:5)
  An adder skeleton (D:4)
  3 worms
  2 dart slugs
  4 leopard geckos
  6 orcs (D:5)
  5 giant cockroaches
  12 hobgoblins
  10 jackals
  10 kobolds
  2 quokkas
  9 bats
  4 frilled lizards
  9 goblins
  10 rats
111 creatures vanquished.

Notes
Turn   | Place    | Note
-------+----------+-------------------------------------------
     0 | D:1      | ponk the Octopode Assassin began the quest for the Orb.
     0 | D:1      | Reached XP level 1. HP: 14/14 MP: 1/1
   142 | D:1      | Reached XP level 2. HP: 14/19 MP: 2/2
   217 | D:1      | Reached skill level 6 in Stealth
   516 | D:1      | Reached XP level 3. HP: 24/24 MP: 3/3
   991 | D:2      | Noticed Ijyb
  1024 | D:2      | Killed Ijyb
  1024 | D:2      | Reached skill level 7 in Stealth
  1024 | D:2      | Reached XP level 4. HP: 18/29 MP: 4/4
  1453 | D:2      | Noticed Natasha
  1458 | D:2      | Killed Natasha
  1458 | D:2      | Reached skill level 8 in Stealth
  1522 | D:2      | Noticed Natasha
  1533 | D:2      | Killed Natasha
  1533 | D:2      | Reached XP level 5. HP: 24/34 MP: 5/5
  2109 | D:3      | Reached skill level 9 in Stealth
  3148 | D:4      | Reached skill level 10 in Stealth
  3148 | D:4      | Reached XP level 6. HP: 30/39 MP: 6/6
  3153 | D:4      | Noticed a phantom
  3169 | D:4      | Killed a phantom
  3555 | D:4      | Found a sacrificial altar of Ru.
  3680 | D:4      | Reached skill level 11 in Stealth
  4018 | D:4      | Found a shattered altar of Ashenzari.
  4018 | D:4      | Found a shimmering altar of Xom.
  4339 | D:4      | Noticed a phantom
  4627 | D:5      | Entered Level 5 of the Dungeon
  5436 | D:4      | HP: 1/39 [phantom (10)]
  6150 | D:5      | Reached XP level 7. HP: 45/45 MP: 7/7
  6411 | D:5      | Found a burning altar of Makhleb.
  6411 | D:5      | Noticed an Executioner
  6416 | D:5      | Noticed a smoke demon
  6416 | D:5      | Noticed a smoke demon
  6691 | D:5      | Reached skill level 12 in Stealth
  6739 | D:5      | Reached XP level 8. HP: 50/50 MP: 8/8
  6750 | D:5      | Reached skill level 13 in Stealth
  7116 | D:5      | You fall through a shaft for 2 floors!
  7118 | D:7      | Found a burning altar of Makhleb.
  7121 | D:7      | Reached skill level 1 in Evocations
  7150 | D:7      | Noticed Pikel
  7189 | D:7      | Found Hien's Distillery.
  7195 | D:7      | HP: 2/50 [Pikel/whip of freezing (1)]
  7197 | D:7      | Slain by a slave

Skill      XL: |  1  2  3  4  5  6  7  8 |
---------------+-------------------------+-----
Stealth        | 6 7 8 10 11 12 13 | 13.3
Evocations     | 1 |  1.0
Fighting       | |  2.0
Short Blades   | |  2.0
Throwing       | |  2.0
Dodging        | |  1.0

Action                   |  1- 3 |  4- 6 |  7- 9 || total
-------------------------+-------+-------+-------++-------
Melee: Dagger            |    57 |   144 |    56 ||   257
       Constrict         |    13 |    28 |    14 ||    55
       Tentacles         |     4 |    32 |    14 ||    50
 Fire: Blowgun           |     5 |    71 |       ||    76
 Abil: Evoke Berserk Rag |       |     1 |       ||     1
Evoke: Wand              |       |     2 |       ||     2
  Use: Scroll            |     4 |     3 |     2 ||     9
       Potion            |       |       |     3 ||     3
 Stab: Sleeping          |     8 |    17 |    10 ||    35
       Distracted        |     1 |     1 |       ||     2
  Eat: Chunk             |       |     5 |       ||     5
       Bread ration      |       |     2 |       ||     2
       Meat ration       |       |     1 |       ||     1
       Pizza             |       |     1 |       ||     1
Armor: Skin              |     6 |     4 |     5 ||    15
Dodge: Dodged            |    42 |    61 |    34 ||   137
